 Dungeon Crawl Stone Soup version 0.30-a0-723-gc1506a1cf0 (webtiles) character file.

Game seed: 13305148895157308019

291065 drugrobin the Wrestler (level 19, -4/258 HPs)
             Began as a Demigod Delver on Jan 28, 2023.
             Slain by a sphinx (14 damage)
             ... on level 3 of the Vaults.
             The game lasted 04:01:42 (53869 turns).

drugrobin the Wrestler (Demigod Delver)            Turns: 53869, Time: 04:01:42

Health: -4/258     AC: 29    Str: 23    XL:     19   Next: 19%
Magic:  36/36      EV:  2    Int: 24    God:
Gold:   1161       SH:  4    Dex: 19    Spells: 6/34 levels left

rFire   . . .      SeeInvis .      - Unarmed
rCold   + . .      Faith    .    G - +0 buckler
rNeg    . . .      Spirit   .    (body armour currently unavailable)
rPois   +          Reflect  .    (helmet currently unavailable)
rElec   .          Harm     .    (cloak currently unavailable)
rCorr   .          Rampage  .    (gloves currently unavailable)
Will    ++...      NoTele   +    (boots currently unavailable)
Stlth   ++++                     B - amulet of regeneration
HPRegen 1.43/turn                y - ring of Syndicalism {rC+ Will+ Str+2 Stlth+}
MPRegen 0.25/turn                j - +4 ring of slaying

@: mighty, tree-form, marked
A: stationary, stasis, torment immunity, boosted hp, high MP 1, forlorn, divine
attributes
}: 2/15 runes: serpentine, barnacled
a: no special abilities


You were on level 3 of the Vaults.
You were a tree.
You visited 6 branches of the dungeon, and saw 33 of its levels.
You visited the Abyss 1 time.
You also visited: Bailey.

You collected 4358 gold pieces.
You spent 3197 gold pieces at shops.

Inventory:

Missiles
 J - 2 silver javelins (quivered)
 L - 6 throwing nets
 W - 8 curare-tipped darts
Armour
 b - quicksilver dragon scales (melded)
 m - a scarf of resistance
 o - a +1 pair of gloves (melded)
 C - the +7 plate armour of the Sun {rElec rC+}
   (You acquired it on level 3 of the Vaults)

   rC:        It protects you from cold.
   rElec:     It insulates you from electricity.
 G - a +0 buckler (worn)
 N - a +2 cloak (melded)
 O - a +0 pair of boots of flying
 P - a +2 pair of boots of stealth (melded)
 R - a +1 helmet (melded)
Jewellery
 g - a ring of resist corrosion
 j - a +4 ring of slaying (right branch)
 u - a +4 ring of protection
 y - the ring of Syndicalism (left branch) {rC+ Will+ Str+2 Stlth+}
   (You found it on level 4 of the Dungeon)

   [ring of protection from cold]

   Str:       It affects your strength (+2).
   rC:        It protects you from cold.
   Will:      It increases your willpower.
   Stlth:     It makes you more stealthy.
 B - an amulet of regeneration (around neck)
 V - a ring of protection from fire
Wands
 a - a wand of roots (17)
 f - a wand of digging (3)
 t - a wand of mindburst (23)
 I - a wand of flame (73)
 U - a wand of paralysis (25)
 X - a wand of acid (2)
 Y - a wand of polymorph (2)
Scrolls
 c - 12 scrolls of magic mapping
 h - 7 scrolls of blinking
 i - 6 scrolls of immolation
 k - 7 scrolls of vulnerability
 p - 2 scrolls of fear
 x - 4 scrolls of amnesia
 z - a scroll of torment
 A - 21 scrolls of teleportation
 E - 15 scrolls of fog
 F - 6 scrolls of poison
 K - 5 scrolls of butterflies
 M - 2 scrolls of silence
Potions
 d - 2 potions of berserk rage
 e - 6 potions of haste
 l - 6 potions of attraction
 n - a potion of invisibility
 q - 21 potions of curing
 r - 6 potions of cancellation
 s - a potion of flight
 v - 3 potions of might
 w - 8 potions of heal wounds
 H - 3 potions of ambrosia
 Q - 6 potions of lignification
 Z - 2 potions of resistance
Miscellaneous
 D - a phantom mirror
 S - a condenser vane
 T - a piece from Xom's chessboard (15/15)


   Skills:
 + Level 16.2 Fighting
 + Level 4.7 Dodging
 - Level 4.5 Stealth
 + Level 23.2 Unarmed Combat
 - Level 8.0 Spellcasting
 - Level 2.0 Transmutations
 * Level 15.9 Air Magic
 - Level 4.0 Evocations


You had 6 spell levels left.
You knew the following spells:

 Your Spells              Type           Power      Damage    Failure   Level
a - Blink                 Tloc           18%        N/A       13%         2
b - Poisonous Vapours     Pois/Air       94%        N/A       1%          2
c - Static Discharge      Conj/Air       94%        2-6/arc   1%          2
d - Sting                 Tmut/Pois      56%        1d5       6%          1
e - Beastly Appendage     Tmut           38%        N/A       3%          1
f - Wereblood             Tmut           19%        N/A       6%          2
g - Summon Lightning Spi  Summ/Air       47%        N/A       3%          4
h - Mephitic Cloud        Conj/Pois/Air  35%        N/A       3%          3
i - Kindle Blastsparks    Fire/Tloc/Air  70%        2d15      3%          3
q - Vhi's Electric Charg  Tloc/Air       94%        N/A       1%          3
r - Arcjolt               Conj/Air       23%        1d33      10%         5

Your spell library contained the following spells:

 Spells                   Type           Power      Damage    Failure   Level
 Cigotuvi's Dreadful Rot  Necr/Pois/Air  70%        N/A       1%          2
 Foxfire                  Conj/Fire      36%        2x1d5     9%          1
 Necrotise                Necr           36%        1d5       9%          1
 Slow                     Hex            36%        N/A       9%          1
 Lightning Bolt           Conj/Air       23%        1d39      10%         5
 Lesser Beckoning         Tloc           18%        N/A       13%         2
 Spider Form              Tmut/Pois      14%        N/A       17%         3
 Gell's Gravitas          Tloc           9%         N/A       26%         3
 Inner Flame              Hex/Fire       9%         N/A       26%         3
 Ozocubu's Armour         Ice            9%         N/A       26%         3
 Stone Arrow              Conj/Erth      18%        3d8       26%         3
 Teleport Other           Tloc           9%         N/A       26%         3
 Vampiric Draining        Necr           9%         2d6       26%         3
 Animate Armour           Summ/Erth      18%        N/A       65%         4
 Animate Dead             Necr           9%         N/A       65%         4
 Dispel Undead            Necr           9%         3d8       65%         4
 Flame Wave               Conj/Fire      9%         2d6       65%         4
 Fulminant Prism          Conj/Hex       4%         3d5       65%         4
 Iskenderun's Mystic Bla  Conj/Tloc      9%         2d4       65%         4
 Manifold Assault         Tloc           9%         N/A       65%         4
 Olgreb's Toxic Radiance  Pois           9%         N/A       65%         4
 Sticky Flame             Conj/Fire      9%         2d3       65%         4
 Agony                    Necr           9%         N/A       94%         5
 Fireball                 Conj/Fire      4%         3d4       94%         5
 Lee's Rapid Deconstruct  Erth           4%         3d5*      94%         5
 Metabolic Englaciation   Hex/Ice        4%         N/A       94%         5
 Death Channel            Necr           4%         N/A       100%        6
 Simulacrum               Ice/Necr       4%         N/A       100%        6
 Starburst                Conj/Fire      4%         6d4       100%        6
 Maxwell's Capacitive Co  Air            36%        ∞         63%         8
 Storm Form               Tmut/Air       25%        N/A       88%         7
 Haunt                    Necr/Summ      4%         N/A       100%        7
 Infestation              Necr           4%         N/A       100%        8
 Lehudib's Crystal Spear  Conj/Erth      4%         10d3      100%        8


Dungeon Overview and Level Annotations

Branches:
Dungeon (15/15)            Temple (0/1) D:5            Lair (5/5) D:10
 Shoals (4/4) Lair:3        Snake (4/4) Lair:2        Slime (0/5) Lair:4
    Orc (2/2) D:9             Elf (0/3) Orc:2        Vaults (3/5) D:14
  Crypt (0/3) Vaults:2     Depths (0/4) D:15         Bailey (visited)

Shops:
D:3 ?   D:5 ![   D:10 [   Orc:2 *[*?::[!   Shoals:1 ?   Shoals:2 (   Shoals:3 *
Snake:1 !*=[*   Snake:2 (   Snake:4 ([

Portals:
Abyss: Lair:5
Trove: D:15 (show abyssal rune of Zot)

Annotations:
D:4 bronco's ghost, amateur DjAE
D:8 exclusion: 2 oklob saplings
Lair:1 Gastronok
Lair:2 exclusion: oklob plant
Shoals:3 exclusion: downstairs


Innate Abilities, Weirdness & Mutations

You are a tree.
Your roots penetrate the ground, keeping you stationary.
You cannot be teleported.
You are immune to unholy pain and torment.
Your maximum health is greatly increased.
Your equipment is partially melded.
You have an increased reservoir of magic. (+10% MP)
You shall have no god before yourself.
Your divine heritage dramatically boosts your attributes as you level up.


Message History

Unknown command.
You feel very mighty all of a sudden.
The ironbound convoker hits you but does no damage.
The peacekeeper bites you!
* * * LOW HITPOINT WARNING * * *
The peacekeeper claws you.
* * * LOW HITPOINT WARNING * * *
The sphinx hits you but does no damage. x2; The sphinx hits you!
* * * LOW HITPOINT WARNING * * *
A brown ugly thing comes into view.
Unknown command.
Unknown command.
Unknown command.
Unknown command.
Unknown command.
Unknown command.
You smack the ironbound convoker!
The ironbound convoker is moderately wounded.
The peacekeeper bites you but does no damage.
The peacekeeper claws you!
* * * LOW HITPOINT WARNING * * *
The ironbound convoker points at the sphinx and mumbles some strange words.
The sphinx seems to grow stronger.
The sphinx hits you.
* * * LOW HITPOINT WARNING * * *
The sphinx hits you but does no damage. The sphinx hits you.
* * * LOW HITPOINT WARNING * * *
Unknown command.
Unknown command.
Unknown command.
You feel much better. The peacekeeper bites you!
* * * LOW HITPOINT WARNING * * *
The peacekeeper claws you but does no damage.
The ironbound convoker hits you with a +0 morningstar!
* * * LOW HITPOINT WARNING * * *
The sphinx hits you.
* * * LOW HITPOINT WARNING * * *
The sphinx hits you.
* * * LOW HITPOINT WARNING * * *
The sphinx hits you!
You die...

c........# #..#'
...c.....# #..'.
c..c.....# ####'##
...c.....# #..#.'.
.........# #..#'#.
.........# ###..##
.........# #..# ###c#
########'###
##♣#.###...........
##9pH)?##...........
#..p....#...........
##.....##...........
#...u)..#..)........
##^...(##...........
##.#u###...........
#'#######'###...........
..........).............


You could see a sphinx (strong), 2 ugly things, 2 ironbound convokers and a
peacekeeper.

Vanquished Creatures
  Rupert (Orc:2)
  A lich (Abyss:3)
  A tentacled starspawn (Abyss:3)
  2 krakens
  2 sphinxes (Vaults:2)
  6 nagarajas (Snake:4)
  3 vault wardens
  Aizul (Snake:2)
  2 ghouls (Vaults:2)
  A broodmother (Shoals:3)
  A war gargoyle (Vaults:3)
  5 ironbound thunderhulks
  A stone giant (D:15)
  6 very ugly things
  9 ironbound preservers
  8 dire elephants
  9 merfolk impalers
  3 merfolk javelineers
  2 great orbs of eyes (Vaults:3)
  4 yaktaur captains
  2 entropy weavers
  12 vault guards
  Erolcha (D:9)
  2 peacekeepers (Vaults:3)
  Fannar (Lair:2)
  2 ice dragons
  A salamander tyrant (Snake:1)
  2 hydras
  4 merfolk avatars
  10 centaur warriors
  Erica (D:10)
  12 anacondas
  5 ogre magi
  6 boulder beetles
  2 merfolk aquamancers (Shoals:3)
  4 satyrs
  An alligator snapping turtle (Shoals:3)
  8 naga warriors
  4 ironbound frosthearts
  24 two-headed ogres
  8 death yaks
  3 thrashing horrors
  3 tengu warriors
  Sonja (Lair:2)
  10 naga sharpshooters
  A titan zombie (Abyss:3)
  5 shock serpents
  Nergalle (Lair:2)
  6 skeletal warriors
  34 sea snakes
  Lodul (D:13)
  A sixfirhy (Abyss:3)
  2 spectral anacondas (Snake:4)
  A swamp dragon (shapeshifter) (Lair:5)
  5 lindwurms
  5 naga ritualists
  A phantasmal warrior (Vaults:1)
  26 deep trolls
  12 ironbound convokers
  4 orc knights
  4 wizards
  22 harpies
  2 necromancers
  3 large abominations (Lair:5)
  11 ugly things
  5 fauns (Shoals:3)
  9 mana vipers
  A deep elf pyromancer (D:14)
  11 elephants (Lair:5)
  7 salamanders
  7 cyclopes
  An orc sorcerer (Orc:2)
  A will-o-the-wisp (Abyss:3)
  17 manticores
  14 vault sentinels
  11 nameless horrors
  4 merfolk sirens
  6 guardian serpents (Snake:4)
  11 naga magi
  4 smoke demons (Abyss:3)
  9 water nymphs
  31 black mambas
  9 cane toads
  3 unseen horrors
  3 gargoyles
  6 rime drakes
  Maggie (D:6)
  11 yaktaurs
  3 freezing wraiths
  An anaconda simulacrum (Snake:4)
  11 komodo dragons
  An efreet (D:15)
  3 spectral nagas (Snake:4)
  An ancient zyme (Lair:5)
  3 meliai (D:14)
  2 hornets (D:8)
  8 wind drakes
  Prince Ribbit (D:9)
  25 merfolk
  Grinder (D:6)
  A sea snake skeleton (Snake:4)
  24 blink frogs
  11 trolls
  4 spectral guardian serpents (Snake:4)
  10 snapping turtles
  4 dream sheep (Lair:5)
  36 slime creatures
  A vampire (D:11)
  4 ynoxinuls
  9 wraiths
  A spriggan (Lair:5)
  Sigmund (D:2)
  2 shadows
  5 water elementals
  34 yaks
  6 wyverns
  3 chaos spawn (Lair:5)
  Grum (D:9)
  2 basilisks
  4 fire bats (D:11)
  7 humans (Bailey)
  A neqoxec (Abyss:3)
  3 vampire mosquitoes
  6 steam dragons
  3 wargs
  29 nagas
  A redback (Vaults:2)
  4 acid dragons
  7 water moccasins
  7 small abominations (Lair:5)
  A guardian serpent simulacrum (Snake:4)
  A hell hound (D:11)
  4 black bears
  An ice beast (D:5)
  13 orc warriors
  A sky beast (D:7)
  A swamp drake (D:9)
  A sky beast (shapeshifter) (Lair:5)
  35 ogres
  8 wolves
  9 boggarts
  7 centaurs
  A phantom (D:6)
  20 bullfrogs
  2 kobold brigands
  A gnoll sergeant (D:6)
  A naga simulacrum (Snake:4)
  2 necrophages
  A water moccasin zombie (D:5)
  2 scorpions (D:5)
  A water moccasin skeleton (D:5)
  10 wights
  5 killer bees
  4 electric eels
  5 howler monkeys
  6 jellies
  4 bullfrog zombies (D:5)
  2 lava snakes (D:11)
  A centaur zombie (D:5)
  A hound (D:6)
  13 orc priests
  Crazy Yiuf (D:3)
  A gnoll bouda (D:7)
  Ijyb (D:4)
  14 orc wizards
  2 iguanas (D:5)
  A hound zombie (D:5)
  3 howler monkey zombies (D:5)
  13 gnolls
  12 adders
  A white imp (D:6)
  2 ufetubi
  2 worms
  4 dart slugs
  58 orcs
  7 bats
  4 endoplasms
  7 goblins
  10 hobgoblins
  7 jackals
  11 kobolds
  2 quokkas
  11 ball pythons
  3 frilled lizards
  3 rats
  2 fire vortices (D:11)
  6 tentacles
1169 creatures vanquished.

Vanquished Creatures (collateral kills)
  3 ironbound preservers
  A very ugly thing (Vaults:1)
  A deep elf annihilator (Vaults:1)
  2 dire elephants (Vaults:2)
  A merfolk aquamancer (Shoals:3)
  2 ironbound frosthearts
  A centaur warrior (Vaults:1)
  A merfolk avatar (Shoals:4)
  2 sea snakes
  A salamander mystic (Snake:1)
  2 deep trolls (Vaults:1)
  A large abomination (Lair:5)
  A harpy (Shoals:3)
  A manticore (Shoals:3)
  A merfolk siren (Shoals:4)
  2 black mambas (Snake:3)
  A guardian serpent (Snake:4)
  A rime drake (Shoals:1)
  A yaktaur (Vaults:3)
  A wind drake (Shoals:4)
  A snapping turtle (Shoals:4)
  2 nagas
  A guardian serpent simulacrum (Snake:4)
  An orc warrior (Orc:2)
32 creatures vanquished.

Vanquished Creatures (others)
  An anaconda (Snake:4)
  A tengu warrior (D:15)
  A large abomination (Lair:5)
  An orc warrior (D:9)
  A killer bee (D:11)
  An endoplasm (D:4)
  A bush (D:8)
  A fire vortex (D:11)
  2 foxfires (Abyss:3)
  35 fungi
  182 plants
  6 starspawn tentacles (Abyss:3)
  15 tentacles
248 creatures vanquished.

Grand Total: 1449 creatures vanquished

Notes
Turn   | Place    | Note
-------+----------+-------------------------------------------
     0 | D:5      | drugrobin the Demigod Delver began the quest for the Orb.
     0 | D:5      | Reached XP level 1. HP: 18/18 MP: 3/3
    39 | D:5      | Noticed an ice beast
    59 | D:4      | Found a transporter.
   213 | D:2      | Reached skill level 2 in Unarmed Combat
   423 | D:1      | Reached XP level 2. HP: 25/25 MP: 4/4
   783 | D:1      | Reached skill level 3 in Unarmed Combat
  1109 | D:1      | Reached XP level 3. HP: 18/30 MP: 5/5
  1213 | D:2      | Noticed Sigmund
  1755 | D:3      | Reached skill level 4 in Unarmed Combat
  1796 | D:3      | Got Plato's Volume of Hexes
  1848 | D:3      | Learned a level 1 spell: Slow
  1958 | D:3      | Found Pufumi Tosa's Magic Scroll Emporium.
  1971 | D:3      | Bought a scroll of amnesia for 40 gold pieces
  1971 | D:3      | Bought a scroll of identify for 20 gold pieces
  2025 | D:3      | Found a runed translucent door.
  2026 | D:3      | Noticed Crazy Yiuf
  2165 | D:3      | Reached XP level 4. HP: 37/37 MP: 6/6
  2547 | D:3      | Learned a level 2 spell: Poisonous Vapours
  2649 | D:3      | Reached skill level 5 in Unarmed Combat
  2659 | D:3      | Reached XP level 5. HP: 35/42 MP: 7/7
  3406 | D:4      | Found a transporter.
  3443 | D:4      | Noticed bronco's ghost (amateur DjAE)
  3456 | D:4      | Reached skill level 6 in Unarmed Combat
  3456 | D:4      | Reached XP level 6. HP: 50/50 MP: 8/8
  3691 | D:4      | Noticed Ijyb
  3718 | D:4      | Killed Ijyb
  4008 | D:5      | Found Mawkem's Armour Boutique.
  4065 | D:5      | Reached skill level 7 in Unarmed Combat
  4102 | D:5      | Found Kimyom's Distillery.
  4115 | D:5      | Bought a potion of curing for 36 gold pieces
  4115 | D:5      | Bought a potion of lignification for 36 gold pieces
  4216 | D:5      | Reached XP level 7. HP: 26/56 MP: 9/9
  4509 | D:5      | Reached skill level 8 in Unarmed Combat
  4785 | D:5      | Found a staircase to the Ecumenical Temple.
  4916 | D:5      | Reached skill level 9 in Unarmed Combat
  5233 | D:6      | Reached XP level 8. HP: 62/62 MP: 5/10
  5284 | D:6      | Noticed Maggie
  5459 | D:6      | Killed Maggie
  5663 | D:6      | Reached skill level 10 in Unarmed Combat
  5958 | D:7      | Learned a level 2 spell: Blink
  6108 | D:7      | Identified the +1 trident "Fiskir" {flame, Int+6 Dex-4}
  6302 | D:7      | Reached skill level 11 in Unarmed Combat
  6629 | D:7      | Reached XP level 9. HP: 68/68 MP: 11/11
  7356 | D:6      | Noticed Grinder
  7363 | D:6      | Killed Grinder
  7364 | D:6      | Reached skill level 12 in Unarmed Combat
  7783 | D:3      | Killed Crazy Yiuf
  7928 | D:4      | Identified the ring of Syndicalism {rC+ Will+ Str+2 Stlth+}
  8087 | D:2      | Killed Sigmund
  9162 | D:8      | Paralysed by a hornet for 2 turns
  9313 | D:8      | Reached skill level 13 in Unarmed Combat
  9632 | D:9      | Noticed Prince Ribbit
  9691 | D:9      | Killed Prince Ribbit
  9692 | D:9      | Reached XP level 10. HP: 30/80 MP: 9/13
  9793 | D:9      | Noticed Grum
  9827 | D:9      | Killed Grum
  9833 | D:9      | Reached skill level 5 in Fighting
 10305 | D:9      | Found a flagged portal.
 10312 | Bailey   | Entered a bailey
 10563 | Bailey   | Reached skill level 14 in Unarmed Combat
 10874 | Bailey   | Noticed a vault guard
 10894 | Bailey   | Killed a vault guard
 10942 | Bailey   | Noticed a vault guard
 10965 | Bailey   | Killed a vault guard
 11288 | D:9      | Found a staircase to the Orcish Mines.
 11777 | D:10     | Entered Level 10 of the Dungeon
 11812 | D:10     | Reached XP level 11. HP: 88/91 MP: 14/14
 11922 | D:10     | Found Gamuapn's Armour Emporium.
 12185 | D:3      | Bought a scroll of enchant armour for 75 gold pieces
 12185 | D:3      | Bought a scroll of immolation for 40 gold pieces
 12270 | D:5      | Bought a potion of magic for 96 gold pieces
 12270 | D:5      | Bought 2 potions of lignification for 72 gold pieces
 12270 | D:5      | Bought a potion of lignification for 36 gold pieces
 12270 | D:5      | Bought a potion of curing for 36 gold pieces
 12491 | D:8      | Learned a level 1 spell: Sting
 12783 | D:10     | Reached skill level 15 in Unarmed Combat
 12928 | D:10     | Noticed Erica
 12995 | D:10     | Learned a level 1 spell: Beastly Appendage
 12998 | D:10     | Learned a level 2 spell: Wereblood
 13195 | D:10     | Found a staircase to the Lair.
 13209 | Lair:1   | Entered Level 1 of the Lair of Beasts
 13302 | Lair:1   | Noticed Gastronok
 13406 | Lair:1   | Noticed a death yak
 13406 | Lair:1   | Noticed a death yak
 13441 | Lair:1   | Killed a death yak
 13579 | Lair:1   | Noticed a death yak
 13579 | Lair:1   | Noticed a death yak
 13615 | Lair:1   | Noticed a death yak
 13640 | Lair:1   | Killed a death yak
 13732 | Lair:1   | Killed a death yak
 13806 | Lair:1   | Reached skill level 16 in Unarmed Combat
 14075 | Lair:1   | Killed a death yak
 14107 | Lair:1   | Killed a death yak
 14334 | Lair:1   | Reached XP level 12. HP: 96/103 MP: 15/15
 15056 | Lair:2   | Found a staircase to the Snake Pit.
 15075 | Lair:2   | Noticed Sonja
 15082 | Lair:2   | Killed Sonja
 15187 | Lair:2   | Noticed Nergalle
 15215 | Lair:2   | Killed Nergalle
 15216 | Lair:2   | Reached skill level 17 in Unarmed Combat
 15589 | Lair:2   | Noticed Fannar
 15616 | Lair:2   | Killed Fannar
 16244 | Lair:3   | Found a staircase to the Shoals.
 16388 | Lair:3   | Identified the +1 plate armour "Qigguum" {Stlth+}
 16572 | Lair:3   | Noticed a six-headed hydra
 16584 | Lair:3   | Killed a six-headed hydra
 16585 | Lair:3   | Reached skill level 10 in Fighting
 17214 | Lair:4   | Noticed a boulder beetle
 17225 | Lair:4   | Killed a boulder beetle
 17233 | Lair:4   | Noticed a boulder beetle
 17249 | Lair:4   | Killed a boulder beetle
 17613 | Lair:4   | Found a staircase to the Slime Pits.
 18187 | Lair:5   | Entered Level 5 of the Lair of Beasts
 18505 | Lair:5   | Noticed a boulder beetle
 18531 | Lair:5   | Reached skill level 18 in Unarmed Combat
 18535 | Lair:5   | Killed a boulder beetle
 18581 | Lair:5   | Reached XP level 13. HP: 101/114 MP: 16/16
 19482 | Lair:5   | Reached skill level 19 in Unarmed Combat
 20360 | Lair:5   | Found a one-way gate to the infinite horrors of the Abyss.
 20644 | D:10     | Killed Erica
 22261 | D:11     | Reached XP level 14. HP: 82/126 MP: 17/17
 22847 | D:11     | Reached skill level 20 in Unarmed Combat
 23384 | Orc:1    | Entered Level 1 of the Orcish Mines
 23554 | Orc:1    | Noticed Erolcha
 23671 | D:9      | Killed Erolcha
 23997 | Orc:2    | Entered Level 2 of the Orcish Mines
 23997 | Orc:2    | Found Gixoash's Book Shoppe.
 24002 | Orc:2    | Noticed Rupert
 24027 | Orc:2    | Killed Rupert
 24039 | Orc:2    | Found a staircase to the Elven Halls.
 24065 | Orc:2    | Found Rema Dui's Antique Armour Shop.
 24079 | Orc:2    | Bought a pair of glowing boots for 210 gold pieces
 24079 | Orc:2    | Bought a shiny orb for 336 gold pieces
 24318 | Orc:2    | Found Lyhigylo's Book Shoppe.
 24786 | Orc:2    | Found Naupen's Distillery.
 24803 | Orc:2    | Bought a potion of curing for 33 gold pieces
 24803 | Orc:2    | Bought a potion of invisibility for 88 gold pieces
 24803 | Orc:2    | Bought a potion of heal wounds for 55 gold pieces
 24803 | Orc:2    | Bought a potion of heal wounds for 55 gold pieces
 24803 | Orc:2    | Bought a potion of heal wounds for 55 gold pieces
 24803 | Orc:2    | Bought a potion of haste for 110 gold pieces
 24803 | Orc:2    | Bought 2 potions of curing for 66 gold pieces
 25168 | Orc:2    | Found Resch's Assorted Antiques.
 25171 | Orc:2    | Found Rurchoz's Magic Scroll Boutique.
 25171 | Orc:2    | Found Mirgho Xoot's Antique Armour Shoppe.
 25171 | Orc:2    | Found Usupraf's Assorted Antiques.
 25180 | Orc:2    | Bought a runed helmet for 165 gold pieces
 25192 | Orc:2    | Bought a scroll of identify for 54 gold pieces
 25192 | Orc:2    | Bought a scroll of magic mapping for 202 gold pieces
 25195 | Orc:2    | Bought a scroll of identify for 56 gold pieces
 25195 | Orc:2    | Bought a triangular soapstone amulet for 140 gold pieces
 25196 | Orc:2    | Bought a scroll of teleportation for 42 gold pieces
 25196 | Orc:2    | Bought a scroll of blinking for 105 gold pieces
 25449 | D:11     | Identified the +2 rapier of Distraction {spect, *Rage rElec
                  | Will+ Dex+4}
 25473 | D:11     | Learned a level 4 spell: Summon Lightning Spire
 25680 | D:12     | Reached skill level 1 in Air Magic
 26006 | D:12     | Reached skill level 21 in Unarmed Combat
 26074 | D:12     | Reached skill level 1 in Transmutations
 26596 | D:13     | Noticed Lodul
 27022 | D:13     | Killed Lodul
 27408 | D:13     | Reached XP level 15. HP: 135/136 MP: 18/18
 27928 | D:13     | Reached skill level 5 in Air Magic
 28536 | D:14     | Found a gate to the Vaults.
 28995 | D:15     | Entered Level 15 of the Dungeon
 29339 | D:15     | Found a portal to a secret trove of treasure.
 30206 | D:15     | Found a staircase to the Depths.
 30570 | Snake:1  | Entered Level 1 of the Snake Pit
 30605 | Snake:1  | Found Wagritwu's Assorted Antiques.
 30615 | Snake:1  | Bought a masterwork chain mail for 266 gold pieces
 30615 | Snake:1  | Identified the +4 chain mail of Hurchuf {rC+ Str+5 Int-3}
                  | (You bought it in a shop on level 1 of the Snake Pit)
 30642 | Snake:1  | Found Rutioga's Antique Armour Boutique.
 30809 | Snake:1  | Found Ipsyczaz's Jewellery Shoppe.
 30819 | Snake:1  | Upgraded the game from 0.30-a0-722-g3e6e8c874d to
                  | 0.30-a0-723-gc1506a1cf0
 30991 | Snake:1  | Found Huyniboss's Assorted Antiques.
 31766 | Snake:1  | Found Uroxi's Distillery.
 31815 | Snake:1  | Bought a potion of lignification for 36 gold pieces
 31815 | Snake:1  | Bought a potion of berserk rage for 60 gold pieces
 31815 | Snake:1  | Bought a potion of curing for 36 gold pieces
 31815 | Snake:1  | Bought a potion of curing for 36 gold pieces
 31815 | Snake:1  | Bought a potion of heal wounds for 60 gold pieces
 32608 | Snake:2  | Noticed Aizul
 33325 | Shoals:1 | Entered Level 1 of the Shoals
 33394 | Shoals:1 | Found Meuk's Magic Scroll Boutique.
 33399 | Shoals:1 | Bought a scroll of teleportation for 30 gold pieces
 33399 | Shoals:1 | Bought a scroll of teleportation for 30 gold pieces
 33399 | Shoals:1 | Bought a scroll of blinking for 75 gold pieces
 33399 | Shoals:1 | Bought a scroll of blinking for 75 gold pieces
 33399 | Shoals:1 | Bought a scroll of blinking for 75 gold pieces
 33659 | Shoals:1 | Reached skill level 1 in Evocations
 35016 | Shoals:2 | Reached XP level 16. HP: 122/144 MP: 19/21
 35082 | Shoals:2 | Reached skill level 1 in Spellcasting
 35350 | Shoals:2 | Noticed a kraken
 35493 | Shoals:2 | Found Xiva's Weapon Emporium.
 35508 | Shoals:2 | Bought 5 curare-tipped darts for 60 gold pieces
 35848 | Shoals:3 | Found Dawerghe's General Store.
 36590 | Shoals:3 | Learned a level 3 spell: Mephitic Cloud
 36594 | Shoals:3 | Learned a level 3 spell: Kindle Blastsparks
 36635 | Shoals:3 | Reached skill level 10 in Air Magic
 36704 | Shoals:3 | HP: 7/145 [satyr/arrow (19)]
 36846 | Shoals:3 | HP: 7/145 [alligator snapping turtle (27)]
 37695 | Abyss:3  | Cast into level 3 of the Abyss (merfolk impaler)
 37828 | Abyss:3  | Noticed a hellephant
 37864 | Abyss:3  | Reached skill level 22 in Unarmed Combat
 37932 | Abyss:3  | Noticed a lich
 37939 | Abyss:3  | Killed a lich
 37983 | Abyss:3  | Noticed a tentacled starspawn
 38013 | Abyss:3  | Killed a tentacled starspawn
 38016 | Shoals:3 | Escaped the Abyss
 38158 | Shoals:4 | Entered Level 4 of the Shoals
 38793 | Shoals:3 | HP: 6/146 [merfolk aquamancer/shard of ice (26)]
 39086 | Shoals:2 | Killed a kraken
 39132 | Shoals:4 | Identified the +10 war axe "Voagihoud" {drain, rPois rF+
                  | rC+ rN+}
 39543 | Snake:2  | Killed Aizul
 39876 | Snake:2  | Found Iranyet's Antique Weapon Shop.
 41516 | Snake:3  | HP: 6/147 [black mamba[a naga ritualist] (5)]
 41881 | Snake:3  | Reached XP level 17. HP: 97/154 MP: 23/26
 42535 | Snake:4  | Entered Level 4 of the Snake Pit
 42647 | Snake:4  | Found Fashreurch's Armour Shop.
 42652 | Snake:4  | Found Qinaung's Antique Weapon Shop.
 42660 | Snake:4  | Bought a runed sling for 99 gold pieces
 42911 | Snake:4  | Identified the +12 shortbow of Xushi {speed, Will+ Int+3
                  | Dex+3}
 44181 | Snake:4  | Reached skill level 5 in Spellcasting
 44320 | Snake:4  | Learned a level 3 spell: Vhi's Electric Charge
 45027 | Snake:4  | Reached skill level 15 in Fighting
 45170 | Snake:4  | Got a serpentine rune of Zot
 45747 | Shoals:3 | Learned a level 5 spell: Arcjolt
 45886 | Shoals:4 | Got a barnacled rune of Zot
 46795 | Shoals:4 | Identified the +2 robe of the Evening Star {Dex+4}
 47825 | Lair:3   | Learned a level 2 spell: Static Discharge
 48014 | Vaults:1 | Entered Level 1 of the Vaults
 48202 | Vaults:1 | Reached XP level 18. HP: 105/163 MP: 30/32
 50886 | Vaults:2 | Reached skill level 23 in Unarmed Combat
 51201 | Vaults:2 | Reached skill level 15 in Air Magic
 51608 | Vaults:2 | HP: 4/166 [vault warden/+0 bardiche (36)]
 52322 | Vaults:2 | Found a staircase to the Crypt.
 53213 | Vaults:3 | Reached XP level 19. HP: 64/172 MP: 14/35
 53374 | Vaults:3 | Identified a scroll of acquirement
 53405 | Vaults:3 | Acquired the +7 plate armour of the Sun {rElec rC+}
 53869 | Vaults:3 | HP: 10/258 [sphinx (5)]
 53869 | Vaults:3 | Slain by a sphinx

Illustrated notes

Levels and vault maps discovered:
D:1:      mrwooster_arrival_statue, layout_loops_cross
D:2:      layout_rooms, serial_glass, glass_columns_a, glass_columns_a,
          glass_columns_b, glass_columns_a, glass_columns_c, glass_columns_a,
          glass_columns_c, glass_columns_c, glass_columns_a, glass_columns_b,
          glass_columns_a, glass_columns_a, glass_columns_b, glass_columns_a,
          uniq_sigmund
D:3:      layout_loops_corners, minitemple, serial_shops,
          nicolae_lakefront_shop, shapermc_ecumenical_altar_rom_forum,
          uniq_crazy_yiuf_cottage
D:4:      layout_rooms, mainiacjoe_overflow_alcove_4, gammafunk_ghost_arena,
          st_stairs_1, uniq_ijyb
D:5:      layout_basic, minmay_temple_entry_antechambers, serial_shops,
          nicolae_shop_window_shopping, nicolae_shop_statue_plus, serial_undead,
          serial_undead_a, serial_undead_a, serial_undead_d, serial_undead_a
D:6:      layout_loops_cross, chequers_temple_overflow_statue_of_worship,
          grunt_ministairs_1, uniq_maggie, uniq_grinder
D:7:      wander_river, layout_basic
D:8:      layout_basic, amcnicky_mini_rare_corridor_liquid,
          introduction_to_nature_2
D:9:      layout_basic, erik_orc_1, enter_bailey_4, minmay_splitting_lines,
          minmay_fractal_squares_5, uniq_prince_ribbit1, uniq_grum
D:10:     layout_basic, grunt_lair_entry_orc_guard_hut, serial_shops, shop,
          fungi_pond_lemuel, st_stairs_5, uniq_erica
D:11:     minmay_the_grid_3x3 [minmay_the_grid_minigrid_small_alt,
          minmay_the_grid_tiny_cups, minmay_the_grid_rooms,
          minmay_the_grid_expand, minmay_the_grid_doors,
          minmay_the_grid_dragon_a, minmay_the_grid_outer_diamond,
          minmay_the_grid_x, minmay_the_grid_prize_inner_circle],
          layout_loops_corners, hangedman_incinerator
D:12:     layout_roguey
D:13:     layout_irregular_city, minivault_5, uniq_lodul
D:14:     layout_loops_corners, david_vaults_4
D:15:     grunt_enter_depths_snipers, layout_gridville,
          nicolae_trove_entry_columns
Lair:1:   layout_long_grid, hibernation_bobbens, grunt_megastairs_3,
          uniq_gastronok
Lair:2:   layout_chaotic_city, dummy_snake_entry, tgw_fedhas,
          grunt_megastairs_4, serial_bayou_shore_a, infiniplex_staircase_pool,
          uniq_fannar, uniq_sonja, uniq_nergalle
Lair:3:   layout_chaotic_city, elwin_shoals_entry_rocks, basic_altar,
          grunt_forest_stairs_basic, chequers_serial_rivers_micro_d,
          serial_bayou_pond_e, serial_bayou_shore_b
Lair:4:   layout_cave_pods, nicolae_slime_entry_field_trip, nzn_sisyphean_effort
Lair:5:   hellmonk_lair_end_abyssal_woods, layout_loops_ring,
          amcnicky_mini_pool_medium, lemuel_fruit_tree, serial_bayou_shore_b,
          infiniplex_staircase_pool_2
Shoals:1: layout_shoals, serial_shops, nicolae_shop_hallway_plus,
          nicolae_shoals_drake_roost
Shoals:2: layout_shoals, serial_shops, nicolae_lakefront_shop,
          nicolae_shoals_lost_giant_pillars, nicolae_shoals_arrival_archipelago
Shoals:3: nicolae_shoals_aurelia_aurita, layout_shoals, serial_shops,
          nicolae_shop_hallway_plus, nicolae_shoals_circle_sea_wall
Shoals:4: shoals_end_simple, layout_shoals, nicolae_shoals_water_booths
Snake:1:  layout_layer_cave, serial_shops, nicolae_shop_hallway_plus, shop,
          shop, shop, nicolae_take_the_stairs, st_stairs_6, drop_trap
Snake:2:  layout_layer_cave, serial_shops, shop, grunt_megastairs_2, uniq_aizul
Snake:3:  layout_honeycomb, nicolae_snake_springs
Snake:4:  grunt_snake_rune_pools, layout_rooms,
          nicolae_snake_the_dead_are_slithering, minmay_shop_star
Orc:1:    layout_caves, dreamdust_deal_with_the_devil, uniq_erolcha
Orc:2:    st_orc_ogre_mass, layout_diamond_mine, serial_shops,
          nicolae_lakefront_shop, shop, nicolae_shop_waterfront, shop,
          uniq_rupert
Vaults:1: vaults_room_corners, st_greater_box_4, vaults_mumra_hex,
          nicolae_vaults_mini_display_case, layout_vaults_omnigrid
Vaults:2: nicolae_vaults_hallways_thing, v_misc_11,
          minmay_crypt_entry_simple_sparse, ontoclasm_vaults_decontamination,
          v_misc_1, grunt_vaults_twisty, vaults_room_boxed,
          grunt_vaults_trifunnel, ontoclasm_vaults_ring_small,
          nicolae_vaults_twisting_passages, nicolae_vaults_diagonal_hallway_8,
          layout_vaults_big_room
Vaults:3: nicolae_vaults_circle_grid_a, nicolae_vaults_little_squares_5,
          vaults_room_pool, vaults_mumra_minichess, hangedman_vaults_variations,
          v_rooms_1, nicolae_vaults_alarming, nicolae_vaults_gold_heap,
          layout_vaults_omnicross

Skill      XL: |  1  2  3  4  5  6  7  8  9 10 11 12 13 14 15 16 17 18 19 |
---------------+----------------------------------------------------------+-----
Unarmed Combat | 2 3 4 5 6 7 9 11 13 14 16 18 19 21 22 23 | 23.2
Fighting       | 4 6 8 10 12 13 14 15 16 | 16.2
Air Magic      | 4 9 12 14 15 | 15.9
Transmutations | 2 |  2.0
Evocations     | 3 4 |  4.0
Spellcasting   | 3 6 7 8 |  8.0
Dodging        | 4 |  4.7
Stealth        | |  4.5

Action                     |  1- 3 |  4- 6 |  7- 9 | 10-12 | 13-15 | 16-18 | 19-21 || total
---------------------------+-------+-------+-------+-------+-------+-------+-------++-------
  Melee: Unarmed           |   211 |   200 |   516 |   854 |  1432 |  1625 |    98 ||  4936
         Punch             |     7 |     6 |       |       |    19 |       |       ||    32
         Dagger            |       |     7 |       |       |       |       |       ||     7
         Kick              |       |       |       |    31 |   105 |   234 |    24 ||   394
         Headbutt          |       |       |       |    23 |    58 |   148 |    18 ||   247
   Fire: Sling             |       |    23 |     2 |    16 |       |       |       ||    41
  Throw: Stone             |     7 |     5 |       |       |       |       |       ||    12
         Boomerang         |       |     8 |    48 |    69 |   130 |    48 |       ||   303
         Dart              |       |       |     4 |    61 |    12 |     6 |       ||    83
         Throwing net      |       |       |     1 |     2 |       |     1 |       ||     4
         Javelin           |       |       |       |       |       |       |     3 ||     3
   Cast: Slow              |     2 |     1 |     1 |     6 |     6 |       |       ||    16
         Poisonous Vapours |       |     2 |     1 |    10 |    20 |    49 |     7 ||    89
         Sting             |       |       |       |    10 |    12 |    17 |     1 ||    40
         Beastly Appendage |       |       |       |    13 |    37 |    71 |     7 ||   128
         Blink             |       |       |       |     2 |     1 |     7 |       ||    10
         Wereblood         |       |       |       |       |    10 |    51 |     1 ||    62
         Summon Lightning  |       |       |       |       |    18 |    95 |    11 ||   124
         Mephitic Cloud    |       |       |       |       |       |    28 |     2 ||    30
         Kindle Blastspark |       |       |       |       |       |    13 |     1 ||    14
         Vhi's Electric Ch |       |       |       |       |       |    43 |       ||    43
         Arcjolt           |       |       |       |       |       |     5 |       ||     5
Ability: End Transformatio |       |       |       |       |       |     1 |       ||     1
  Evoke: Wand              |       |     5 |     5 |    13 |    25 |    31 |       ||    79
         Phantom mirror    |       |       |       |       |     1 |     1 |       ||     2
         Piece from Xom's  |       |       |       |       |       |     9 |       ||     9
    Use: Scroll            |     1 |       |    13 |     3 |     3 |     9 |     1 ||    30
         Potion            |       |       |     4 |     1 |       |    18 |     4 ||    27
   Stab: Sleeping          |     4 |       |     2 |     4 |     7 |     4 |     1 ||    22
         Held in net/web   |       |       |     2 |     1 |       |     1 |       ||     4
         Paralysed         |       |       |       |     3 |     1 |     3 |       ||     7
         Distracted        |       |       |       |     2 |     7 |    20 |     5 ||    34
         Confused          |       |       |       |       |       |    19 |       ||    19
 Armour: Scale mail        |   123 |       |       |       |    95 |       |       ||   218
         Leather armour    |     3 |    81 |    44 |       |       |       |       ||   128
         Steam dragon scal |       |       |   124 |    78 |       |       |       ||   202
         Skin              |       |       |     2 |       |       |    29 |    37 ||    68
         Troll leather arm |       |       |       |   193 |   143 |       |       ||   336
         Robe              |       |       |       |       |    37 |       |       ||    37
         Acid dragon scale |       |       |       |       |     5 |       |       ||     5
         Quicksilver drago |       |       |       |       |   147 |   733 |     7 ||   887
         Plate armour      |       |       |       |       |       |       |     3 ||     3
  Dodge: Dodged            |   116 |    82 |   198 |   282 |   417 |   796 |    19 ||  1910
  Block: Buckler           |       |     9 |   155 |   311 |   282 |   261 |     8 ||  1026
         Reflection        |       |       |     2 |    10 |    12 |       |       ||    24
         Other             |       |       |       |       |    12 |       |       ||    12

Table legend: (Time is in decaauts)
 A = Elapsed time spent in this place.
 B = Non-inter-level travel time spent in this place.
 C = Inter-level travel time spent in this place.
 D = Time resting spent in this place.
 E = Time spent auto-exploring this place.
 F = Levels seen in this place.
 G = Mean time per level.
                   A        B        C        D        E       F      G
               +--------+--------+--------+--------+--------+-----+--------+
         Total |  52773 |  48841 |   3932 |   6669 |  25553 |  35 | 1507.8 |
       Dungeon |  20771 |  18877 |   1894 |   2157 |  10758 |  15 | 1384.7 |
          Lair |   7527 |   6601 |    926 |    275 |   4271 |   5 | 1505.4 |
        Shoals |   7946 |   7483 |    463 |   1723 |   3005 |   4 | 1986.5 |
     Snake Pit |   8440 |   7996 |    444 |   1579 |   4013 |   4 | 2110.0 |
  Orcish Mines |   1735 |   1646 |     89 |    312 |    699 |   2 |  867.5 |
        Vaults |   5329 |   5216 |    113 |    456 |   2548 |   3 | 1776.3 |
         Abyss |    296 |    296 |      0 |     32 |      0 |   1 |  296.0 |
        Bailey |    725 |    725 |      0 |    133 |    259 |   1 |  725.0 |
               +--------+--------+--------+--------+--------+-----+--------+

Top non-repeatable levels by time:
Shoals:3: 3086 daAuts
 Snake:4: 2536 daAuts
Vaults:2: 2381 daAuts
 Snake:1: 2251 daAuts
 Snake:2: 2164 daAuts
Vaults:1: 2083 daAuts
Shoals:4: 2046 daAuts
     D:3: 1947 daAuts
    D:11: 1929 daAuts
  Lair:1: 1822 daAuts
  Lair:5: 1784 daAuts
     D:9: 1777 daAuts
    D:10: 1717 daAuts
    D:14: 1670 daAuts
     D:8: 1537 daAuts
